 Dungeon Crawl Stone Soup version 0.30-a0-1161-g0704695555 (webtiles) character file.

Game seed: 16359274659872855100

8874 cheesebisquit the Grappler (level 11, -4/109 HPs)
             Began as a Troll Gladiator on Apr 27, 2023.
             Was an Elder of Okawaru.
             Slain by Sonja
             ... wielding a +2 short sword of distortion
              (7 damage)
             ... on level 11 of the Dungeon.
             The game lasted 00:25:46 (7341 turns).

cheesebisquit the Grappler (Troll Gladiator)        Turns: 7341, Time: 00:25:46

Health: -4/109     AC: 12    Str: 28    XL:     11   Next: 15%
Magic:  10/10      EV: 10    Int:  4    God:    Okawaru [****..]
Gold:   591        SH:  0    Dex: 11    Spells: 10/10 levels left

rFire   . .          .
                       - Unarmed
rCold   . . .        (no shield)
rNeg    . . .        X - +0 troll leather armour
rPois   .            k - +1 hat
rElec   .            P - +0 cloak
rCorr   .            (gloves unavailable)
SInv    .            (boots unavailable)
Will    .....        K - amulet of regeneration
Stlth   +            I - +4 ring of protection
HPRegen 2.78/turn    h - ring of flight
MPRegen 0.12/turn

%: no passive effects
@: lethally poisoned (-4 -> -5), flying, slowed, invisible, very slow
A: large, unfitting armour, claws 3, regeneration 1, shaggy fur 1, tough skin 1
a: Renounce Religion, Heroism, Finesse


You were on level 11 of the Dungeon.
You worshipped Okawaru.
Okawaru was greatly pleased with you.
You visited 2 branches of the dungeon, and saw 13 of its levels.
You also visited: Sewer.

You collected 704 gold pieces.
You spent 113 gold pieces at shops.

Inventory:

Hand Weapons
 M - a +0 giant spiked club
Missiles
 c - 2 throwing nets (quivered)
 d - a large rock
 g - 17 poisoned darts
 Q - a curare-tipped dart
 W - 2 silver javelins
Armour
 k - a +1 hat (worn)
 P - a +0 cloak (worn)
 X - a +0 troll leather armour (worn)
Jewellery
 b - a ring of resist corrosion
 h - a ring of flight (right claw)
 j - an amulet of magic regeneration
 F - an amulet of reflection
 I - a +4 ring of protection (left claw)
 K - an amulet of regeneration (around neck)
 L - an amulet of the acrobat
 T - a ring of ice
 U - a +4 ring of slaying
Wands
 u - a wand of polymorph (5)
 v - a wand of flame (19)
 x - a wand of light (8)
 y - a wand of roots (17)
 O - a wand of digging (6)
Scrolls
 f - a scroll of fog
 i - a scroll of torment
 l - 4 scrolls of teleportation
 m - a scroll of amnesia
 n - a scroll of vulnerability
 o - 2 scrolls of poison
 p - 2 scrolls of noise
 q - 2 scrolls of fear {unknown}
 t - 2 scrolls of brand weapon {unknown}
 w - a scroll of enchant armour
 E - a scroll of magic mapping
 H - a scroll of immolation
 N - a scroll of butterflies {unknown}
 R - a scroll of blinking
Potions
 e - 4 potions of flight
 s - 2 potions of lignification
 z - 3 potions of mutation
 A - a potion of cancellation
 B - a potion of brilliance
 C - a potion of invisibility
 D - 4 potions of attraction
 G - a potion of ambrosia {unknown}
 S - a potion of might {unknown}
 V - a potion of haste {unknown}


   Skills:
 + Level 7.5 Fighting
 + Level 8.2 Throwing
 - Level 2.4 Dodging
 * Level 12.7 Unarmed Combat


You had 10 spell levels left.
You didn't know any spells.
Your spell library contained the following spells:

 Spells                   Type           Power      Damage    Failure   Level
 Apportation              Tloc           0%         N/A       54%         1
 Necrotise                Necr           0%         1d4       54%         1
 Ozocubu's Armour         Ice            0%         N/A       88%         3
 Ozocubu's Refrigeration  Ice            0%         4d7       100%        7
 Summon Small Mammal      Summ           Unusable   N/A       N/A         1

Dungeon Overview and Level Annotations

Branches:
Dungeon (12/15)            Temple (1/1) D:7             Orc (0/2) D:11
  Sewer (visited)
   Lair: D:8-11

Altars:
Ashenzari
Cheibriados
Dithmenos
Elyvilon
Fedhas
Gozag
Hepliaklqana
Kikubaaqudgha
Makhleb
Nemelex Xobeh
Okawaru
Qazlal
Ru
Sif Muna
Trog
Uskayaw
Vehumet
Wu Jian
Xom
Zin
The Shining One

Shops:
D:4 *   D:8 *

Annotations:
D:5 1 runed translucent door, LobsterGuardian's ghost, novice GnDe
D:8 2 runed translucent doors, exclusion: orange crystal statue
D:11 1 runed translucent door, Hichiosuck's ghost, journeyman MiBe; Sonja


Innate Abilities, Weirdness & Mutations

You are too large for most types of armour.
You have claws for hands.
Your natural rate of healing is unusually fast.
You are covered in fur. (AC +1)
You have tough skin. (AC +1)


Message History

You feel sick. The orange demon closely misses you.
Amaemon hits you with a +0 demon whip of venom!
* * * LOW HITPOINT WARNING * * *
You are more poisoned.
Amaemon barely misses you.
Amaemon tail-slaps you but does no damage.
You barely miss Amaemon.
Amaemon is almost dead.
You feel very sick. The orange demon stings you from afar.
* * * LOW HITPOINT WARNING * * *
You are more poisoned.
You have difficulty breathing.
* * * LOW HITPOINT WARNING * * *
You feel yourself slow down.
Amaemon points at the scorpion and mumbles some strange words.
The scorpion seems to grow toxic.
You feel better.
The orange demon no longer looks unusually toxic.
The orange demon stings you from afar!
* * * LOW HITPOINT WARNING * * *
Amaemon gestures at the orange demon while chanting.
The orange demon seems to grow toxic.
You mangle Amaemon!!
You kill Amaemon!
Okawaru accepts your kill.
The scorpion disappears in a puff of smoke! x4
The orange demon stings you from afar.
* * * LOW HITPOINT WARNING * * *
Sonja throws a curare-tipped dart.
The curare-tipped dart hits you.
You are poisoned.
You have difficulty breathing.
* * * LOW HITPOINT WARNING * * *
You feel as though you will be slow longer.
The orange demon barely misses you.
You fade into invisibility!
You feel very sick. Sonja closely misses you.
Sonja hits you but does no damage. Space warps around you!
You die...

*****,,,***,,,,,..[...*********+#
* *,,,,,,,,,##K.....#########.#
*****,,****>,,......4.Y.......#.#
,,,<*,,****,*,#...K.Y.#†#.......#
*****,,,,,#,*,..,..6.##.#.##.#..#
* *,***,#.###.,#......#().....# *
*,,,,,#.....,#....###.)#.)... *
******#.....##§§..+,#..#..... *
*#....@K.§..#,#..#.....
#######4.....#..#.....
##....#......### #....+......#..
#....#......#.# *##.#####.#.##..
*,,..,,*#.#..... *,,...,,.^,...#,
*,,,,,,,*,,..,*,


You could see an orange demon (curare, unable to see you) and Sonja (unable to
see you).

Vanquished Creatures
  A two-headed ogre (D:11)
  Amaemon (D:11)
  Grinder (D:4)
  3 trolls
  A shadow (D:11)
  3 wraiths (D:9)
  Sigmund (D:2)
  11 yaks
  2 steam dragons
  A water moccasin (D:9)
  3 orc warriors
  A sky beast (D:8)
  An ice beast (D:6)
  A black bear (D:6)
  2 ogres (D:7)
  2 centaurs
  2 phantoms
  3 bullfrogs
  A kobold brigand (D:8)
  13 scorpions
  A gnoll sergeant (D:7)
  8 wights
  14 killer bees
  2 hounds
  Crazy Yiuf (D:7)
  5 orc priests
  2 jellies
  Terence (D:2)
  An iguana (D:5)
  14 orc wizards
  Natasha (thrice) (D:2)
  7 gnolls
  9 adders
  2 river rats (D:6)
  A shadow imp (D:5)
  2 white imps (D:6)
  An ufetubus (D:6)
  4 worms
  2 dart slugs
  29 orcs
  12 ball pythons
  12 endoplasms
  8 giant cockroaches
  8 goblins
  7 hobgoblins
  9 jackals
  12 kobolds
  15 quokkas
  11 bats
  8 frilled lizards
  6 rats
271 creatures vanquished.

Vanquished Creatures (others)
  2 fungi (D:7)
2 creatures vanquished.

Grand Total: 273 creatures vanquished

Notes
Turn   | Place    | Note
-------+----------+-------------------------------------------
     0 | D:1      | cheesebisquit the Troll Gladiator began the quest for the
                  | Orb.
     0 | D:1      | Reached XP level 1. HP: 19/19 MP: 0/0
    47 | D:1      | Reached XP level 2. HP: 27/28 MP: 1/1
   268 | D:1      | Found a faded altar of an unknown god.
   664 | D:2      | Reached XP level 3. HP: 35/35 MP: 2/2
   894 | D:2      | Found an opulent altar of Gozag.
   902 | D:2      | Noticed Sigmund
   910 | D:2      | Killed Sigmund
   911 | D:2      | Reached skill level 4 in Unarmed Combat
   911 | D:2      | Reached XP level 4. HP: 42/44 MP: 3/3
   911 | D:2      | Reached XP level 5. HP: 47/50 MP: 4/4
   965 | D:2      | Noticed Natasha
   968 | D:2      | Killed Natasha
   969 | D:2      | Reached skill level 5 in Unarmed Combat
   974 | D:2      | Noticed Terence
   979 | D:2      | Killed Terence
  1217 | D:2      | Reached XP level 6. HP: 59/59 MP: 5/5
  1227 | D:2      | Noticed Natasha
  1232 | D:2      | Killed Natasha
  1410 | D:2      | Noticed Natasha
  1419 | D:2      | Killed Natasha
  1477 | D:2      | Found an opulent altar of Gozag.
  1953 | D:3      | Found a snail-covered altar of Cheibriados.
  2192 | D:3      | Found a hazy altar of Hepliaklqana.
  2442 | D:4      | Noticed Grinder
  2458 | D:4      | Killed Grinder
  2459 | D:4      | Reached skill level 6 in Unarmed Combat
  2459 | D:4      | Reached XP level 7. HP: 39/67 MP: 6/6
  2770 | D:4      | Found Seupun's Fire Supplies.
  3127 | D:5      | Entered Level 5 of the Dungeon
  3219 | D:5      | Reached skill level 7 in Unarmed Combat
  3270 | D:5      | Found a glowing silver altar of Zin.
  3331 | D:5      | Found a runed translucent door.
  3331 | D:5      | Noticed LobsterGuardian's ghost (novice GnDe)
  3347 | D:5      | Reached XP level 8. HP: 78/78 MP: 7/7
  3893 | D:6      | Found a glowing drain.
  3914 | Sewer    | Entered a sewer
  4201 | Sewer    | Reached skill level 5 in Throwing
  4201 | Sewer    | Reached skill level 8 in Unarmed Combat
  4433 | D:6      | Reached skill level 5 in Fighting
  4708 | D:7      | Reached XP level 9. HP: 16/88 MP: 8/8
  4809 | D:7      | Reached skill level 9 in Unarmed Combat
  4882 | D:7      | Found a staircase to the Ecumenical Temple.
  4895 | Temple   | Entered the Ecumenical Temple
  5125 | Temple   | Became a worshipper of Warmaster Okawaru
  5268 | D:7      | Found a runed translucent door.
  5269 | D:7      | Noticed Crazy Yiuf
  5330 | D:7      | Reached * piety under Okawaru
  5331 | D:7      | Reached skill level 10 in Unarmed Combat
  5658 | D:7      | Killed Crazy Yiuf
  5740 | D:8      | Noticed an orange crystal statue
  5749 | D:8      | Found a runed translucent door.
  5750 | D:8      | Found the +10 tower shield of Ignorance {rN+ Int-4}
  5766 | D:8      | Found a runed translucent door.
  5923 | D:8      | Found Icaoses's Assorted Antiques.
  5930 | D:8      | Bought a scroll labelled KEKKUERCHEI for 29 gold pieces
  5930 | D:8      | Bought a scroll labelled VALUTZ DEAMUAV for 29 gold pieces
  5930 | D:8      | Bought a white potion for 26 gold pieces
  5930 | D:8      | Bought a scroll labelled SYTWIRUQENI for 29 gold pieces
  6098 | D:8      | Reached ** piety under Okawaru
  6099 | D:8      | Reached XP level 10. HP: 92/98 MP: 9/9
  6106 | D:8      | Found a white marble altar of Elyvilon.
  6514 | D:9      | Reached skill level 11 in Unarmed Combat
  6597 | D:9      | Reached *** piety under Okawaru
  6771 | D:9      | Found a sparkling altar of Nemelex Xobeh.
  6999 | D:9      | Received a gift from Okawaru
  7126 | D:10     | Entered Level 10 of the Dungeon
  7131 | D:10     | Reached skill level 12 in Unarmed Combat
  7157 | D:10     | You are sucked into a shaft and drop 2 floors!
  7238 | D:11     | Found a runed translucent door.
  7239 | D:11     | Found a shimmering altar of Xom.
  7239 | D:11     | Noticed Hichiosuck's ghost (journeyman MiBe)
  7285 | D:11     | Noticed Sonja
  7285 | D:11     | Noticed a two-headed ogre
  7289 | D:11     | Noticed Amaemon
  7291 | D:11     | Noticed an orange demon
  7305 | D:11     | Reached **** piety under Okawaru
  7312 | D:11     | Killed a two-headed ogre
  7313 | D:11     | Reached XP level 11. HP: 46/109 MP: 10/10
  7339 | D:11     | HP: 5/109 [orange demon[Amaemon] (11)]
  7340 | D:11     | Killed Amaemon
  7341 | D:11     | Slain by Sonja

Illustrated notes

Levels and vault maps discovered:
D:1:      lightli_arrival_statuegarden, layout_rooms,
          shapermc_ecumenical_altar_gd
D:2:      layout_basic, basic_altar, kennysheep_potato, uniq_natasha,
          uniq_sigmund, uniq_terence
D:3:      layout_loops_cross, nicolae_overflow_crystal_walls,
          mainiacjoe_overflow_catwalk
D:4:      layout_rooms, nicolae_shop_fire_sale [nicolae_sub_dead_trees],
          uniq_grinder
D:5:      layout_loops_ring, mainiacjoe_overflow_small_starburst,
          hellmonk_ghost_happy_afterlife
D:6:      layout_rooms, portal_sewer_entry_a
D:7:      old_forge, layout_basic, minmay_temple_entry_stoned_glass,
          uniq_crazy_yiuf_cottage
D:8:      layout_loops_cross, elyvilon_altar_3, serial_shops,
          nicolae_lakefront_shop, nrook_uturn, skrybe_limestone_x,
          chequers_guarded_unrand_ignorance
D:9:      layout_roguey, nemelex_spade_bored_becter, lightli_fourway_metalbox
D:10:     layout_roguey, lemuel_zombie_altar_yredelemnul,
          grunt_temple_overflow_open, minmay_lair_entry_grove, enter_bailey_8,
          ebering_ghost_disaster_area, minmay_checkerbox
D:11:     layout_basic, minmay_orc_entry_temple_small, ebering_ghost_xom,
          uniq_urug, uniq_sonja, uniq_amaemon
D:12:     layout_stronghold, uniq_psyche
Temple:   dpeg_chambers_temple

Skill      XL: |  1  2  3  4  5  6  7  8  9 10 |
---------------+-------------------------------+-----
Throwing       | 2 3 4 5 6 8 |  8.2
Fighting       | 2 3 4 5 6 7 |  7.5
Unarmed Combat | 4 5 6 7 8 10 12 | 12.7
Dodging        | |  2.4

Action                     |  1- 3 |  4- 6 |  7- 9 | 10-12 || total
---------------------------+-------+-------+-------+-------++-------
  Melee: Unarmed           |   110 |    81 |   386 |   149 ||   726
         Punch             |     4 |     3 |    16 |    12 ||    35
  Throw: Throwing net      |     1 |       |     1 |       ||     2
         Boomerang         |       |       |    65 |       ||    65
  Evoke: Wand              |       |     2 |       |       ||     2
    Use: Scroll            |       |     1 |    16 |     3 ||    20
         Potion            |       |       |     4 |     6 ||    10
   Stab: Sleeping          |     2 |       |     1 |       ||     3
         Held in net/web   |       |       |     1 |       ||     1
 Armour: Robe              |    41 |    21 |   181 |    32 ||   275
         Troll leather arm |       |       |       |    34 ||    34
  Dodge: Dodged            |    71 |    35 |   215 |    71 ||   392
  Block: Other             |       |       |    15 |       ||    15

Table legend: (Time is in decaauts)
 A = Elapsed time spent in this place.
 B = Non-inter-level travel time spent in this place.
 C = Inter-level travel time spent in this place.
 D = Time resting spent in this place.
 E = Time spent auto-exploring this place.
 F = Levels seen in this place.
 G = Mean time per level.
                   A        B        C        D        E       F      G
               +--------+--------+--------+--------+--------+-----+--------+
         Total |   7239 |   6859 |    380 |     14 |   5199 |  14 |  517.1 |
       Dungeon |   6672 |   6325 |    347 |     14 |   4885 |  12 |  556.0 |
        Temple |    238 |    205 |     33 |      0 |    191 |   1 |  238.0 |
         Sewer |    327 |    327 |      0 |      0 |    123 |   1 |  327.0 |
               +--------+--------+--------+--------+--------+-----+--------+

Top non-repeatable levels by time:
     D:2: 1182 daAuts
     D:7: 829 daAuts
     D:8: 770 daAuts
     D:4: 714 daAuts
     D:5: 694 daAuts
     D:1: 626 daAuts
     D:9: 619 daAuts
     D:3: 616 daAuts
     D:6: 412 daAuts
   Sewer: 327 daAuts
  Temple: 238 daAuts
    D:11: 108 daAuts
    D:12: 68 daAuts
    D:10: 29 daAuts
